 Dungeon Crawl Stone Soup version 0.17.1-3-g152610e (webtiles) character file.

67 Gargoyl the Skirmisher (level 4, -4/55 HPs)
             Began as a Demonspawn Abyssal Knight on Mar 20, 2016.
             Was a Follower of Lugonu.
             Slain by Crazy Yiuf
             ... wielding a +4 quarterstaff of chaos
              (8 damage)
             ... while paralysed by Crazy Yiuf
             ... on level 2 of the Dungeon.
             The game lasted 00:03:46 (2070 turns).

Gargoyl the Skirmisher (Demonspawn Abyssal Knight)  Turns: 2070, Time: 00:03:46

Health: -4/55      AC:  7    Str: 18    XL:     4   Next: 0%
Magic:  6/6        EV:  5    Int: 14    God:    Lugonu [*.....]
Gold:   84         SH:  0    Dex: 12    Spells: 0 memorised, 3 levels left

rFire  + + .     SeeInvis .     (weapon currently unavailable)
rCold  + + .     Clarity  .     (armour currently unavailable)
rNeg   + + +     SustAt   .     (shield currently unavailable)
rPois  +         Gourm    .     (helmet currently unavailable)
rElec  +         Spirit   .     (cloak currently unavailable)
rCorr  +         Warding  .     (gloves currently unavailable)
rMut   .         Stasis   .     (boots currently unavailable)
MR     .....                    (amulet currently unavailable)
Stlth  ..........               (ring currently unavailable)
                                (ring currently unavailable)

@: paralysed, berserking, wisp-form, flying, quick, not resistant to hostile
enchantments, extremely unstealthy
A: (horns 0), (spiny 0)
a: Depart the Abyss, Renounce Religion


You were on level 2 of the Dungeon.
You worshipped Lugonu.
Lugonu was aware of your devotion.
You were not hungry.
You were an insubstantial wisp.
You visited 1 branch of the dungeon, and saw 2 of its levels.
You visited the Abyss 1 time.

You collected 84 gold pieces.

Inventory:

Hand Weapons
 a - a +1 hand axe (melded)
Armour
 b - a +0 leather armour (melded)
 n - a +1 hat (melded)
Jewellery
 i - a ring of magical power (melded)
 r - an amulet of rage (melded)
Scrolls
 d - 3 scrolls of identify {unknown}
 f - a scroll of magic mapping {unknown}
 j - 2 scrolls of remove curse {unknown}
 k - a scroll of fog {unknown}
 l - 2 scrolls of teleportation {unknown}
 p - a scroll of fear {unknown}
Potions
 e - 2 potions of magic {unknown}
 g - a potion of mutation {unknown}
 h - a potion of flight {unknown}
 m - 2 potions of degeneration {unknown}
Books
 o - a book of Alchemy

   Spells                             Type                      Level
   a - Sublimation of Blood           Necromancy                   2
   b - Ignite Poison                  Fire/Transmutation/Poison    3
   c - Alistair's Intoxication        Transmutation/Poison         4
   d - Condensation Shield            Ice                          4
   e - Petrify                        Transmutation/Earth          4
   f - Irradiate                      Conjuration/Transmutation    5
Comestibles
 c - 3 bread rations
 q - 4 chunks of flesh


   Skills:
 + Level 3.8 Fighting
 + Level 1.9 Axes
 + Level 2.5 Armour
 + Level 1.2 Dodging
 + Level 0.6 Stealth
 + Level 2.9 Invocations


You had 3 spell levels left.
You didn't know any spells.

Dungeon Overview and Level Annotations

Branches:
Dungeon (2/15)

Altars:

Annotations:
D:2 Crazy Yiuf


Innate Abilities, Weirdness & Mutations

((You have a pair of small horns on your head.))
((You are partially covered in sharp spines.))


Message History

* * * LOW HITPOINT WARNING * * *
A red film seems to cover your vision as you go berserk!
You feel yourself moving faster!
You feel mighty! Crazy Yiuf is struck by your spines.
Crazy Yiuf hits you with a quarterstaff of chaos.
* * * LOW HITPOINT WARNING * * *
You suddenly lose the ability to move!
Crazy Yiuf hits you with a quarterstaff of chaos.
* * * LOW HITPOINT WARNING * * *
You turn into an insubstantial wisp.
Your +1 hand axe melds into your body.
Your +1 hat melds into your body.
Your +0 leather armour melds into your body.
Your ring of magical power melds into your body.
Your amulet of rage melds into your body.
You feel your magic capacity decrease. Crazy Yiuf barely misses you.
You blink.
Crazy Yiuf whimpers, "Tosser!
Ice sanguine arm."
Crazy Yiuf hits you with a quarterstaff of chaos!
You die...

.##).##.# #....# .##..##.###
####.# .##.......# ### ########
.##.###.### #....... ........#
######## ....########♣♣ ###
###..).....+P♣♣ ♣♣#.))# ##### #
#.####....PP♣♣♣♣§.)).# #...# ##
#.# ##....P)♣vg♣#)).# ###.###.
#.# ##.+.)♣)♣♣♣ ### #.##.# #.#
#####♣♣♣♣♣ #..... #.# #..# #.##.#
###.####.###################.###.
.........# #.................#...
###.###### #..##.............#.##
#.# ####..............##.#.## #.#
#.....##.#####.#.###.#.#


You could see Crazy Yiuf.

Vanquished Creatures
  Jessica (D:2)
  An adder (D:2)
  A worm (D:2)
  2 giant geckos (D:1)
  7 bats
  2 giant cockroaches
  2 goblins (D:2)
  3 hobgoblins
  2 jackals (D:2)
  3 kobolds (D:1)
  2 giant newts (D:1)
  5 rats
31 creatures vanquished.

Notes
Turn   | Place    | Note
--------------------------------------------------------------
     0 | Abyss:1  | Gargoyl the Demonspawn Abyssal Knight began the quest for the Orb.
     0 | Abyss:1  | Reached XP level 1. HP: 18/18 MP: 2/2
    74 | Abyss:1  | Noticed a quasit
    88 | Abyss:1  | Noticed a rust devil
    88 | Abyss:1  | Noticed a neqoxec
    90 | D:1      | Escaped the Abyss
   244 | D:1      | Reached skill level 1 in Dodging
   687 | D:1      | Gained mutation: You are partially covered in sharp spines. [demonic ancestry]
   687 | D:1      | Reached XP level 2. HP: 22/24 MP: 3/3
   747 | D:1      | Reached * piety under Lugonu
  1572 | D:2      | Noticed Jessica
  1579 | D:2      | Killed Jessica
  1579 | D:2      | Reached XP level 3. HP: 28/30 MP: 5/5
  2023 | D:2      | Gained mutation: You have a pair of small horns on your head. [demonic ancestry]
  2023 | D:2      | Reached XP level 4. HP: 33/37 MP: 6/6
  2060 | D:2      | Noticed Crazy Yiuf
  2065 | D:2      | Paralysed by Crazy Yiuf for 7 turns
  2070 | D:2      | Slain by Crazy Yiuf

Action                   |  1- 3 |  4- 6 || total
-------------------------+-------+-------++-------
Melee: Hand axe          |    70 |     2 ||    72
Invok: Depart the Abyss  |     1 |       ||     1
 Abil: Evoke Berserk Rag |       |     1 ||     1
 Stab: Sleeping          |     2 |       ||     2
  Eat: Chunk             |     4 |       ||     4
